 Dungeon Crawl Stone Soup version 0.29.0-15-g675c0067aa (webtiles) character file.

Game seed: 1218235388544167486

5 themarg the Caller (level 1, 10/10 HPs)
             Began as a Tengu Summoner on Sept 11, 2022.
             Got out of the dungeon alive.
             The game lasted 00:01:29 (154 turns).

themarg the Caller (Tengu Summoner)                  Turns: 154, Time: 00:01:29

Health: 10/10      AC:  2    Str:  8    XL:     1   Next: 80%
Magic:  4/4        EV: 12    Int: 15    God:
Gold:   0          SH:  0    Dex: 14    Spells: 3/4 levels left

rFire   . . .      SeeInvis .   c - +0 trident
rCold   . . .      Faith    .   (no shield)
rNeg    . . .      Spirit   .   a - +0 robe
rPois   .          Reflect  .   (helmet restricted)
rElec   .          Harm     .   (no cloak)
rCorr   .          Rampage  .   (no gloves)
Will    .....                   (boots unavailable)
Stlth   ++........              (no amulet)
HPRegen 0.03/turn               (no ring)
MPRegen 0.09/turn               (no ring)

@: no status effects
A: beak, talons 3
a: no special abilities


You escaped.
You visited 1 branch of the dungeon, and saw 1 of its levels.

Inventory:

Hand Weapons
 c - a +0 trident (weapon)
Armour
 a - a +0 robe (worn)
Potions
 b - a potion of magic


   Skills:
 - Level 2.1 Dodging
 - Level 2.0 Stealth
 + Level 2.2 Spellcasting
 + Level 5.0 Summonings


You had 3 spell levels left.
You knew the following spells:

 Your Spells              Type           Power      Damage    Failure   Level
a - Summon Small Mammal   Summ           64%        N/A       2%          1

Your spell library contained the following spells:

 Spells                   Type           Power      Damage    Failure   Level
 Call Imp                 Summ           16%        N/A       4%          2
 Call Canine Familiar     Summ           16%        N/A       9%          3
 Summon Guardian Golem    Hex/Summ       9%         N/A       24%         3
 Summon Lightning Spire   Summ/Air       9%         N/A       61%         4


Dungeon Overview and Level Annotations

Branches:
Dungeon (1/15)

Altars:


Innate Abilities, Weirdness & Mutations

You have a beak for a mouth.
You have claws for feet.


Message History

Casting: Summon Small Mammal (safe; 3% risk of failure)
Confirm with . or Enter, or press ? or * to list all spells.
Your quokka bites the kobold.
The kobold dies!
Your quokka bites the hobgoblin.
Your rat closely misses the hobgoblin.
The hobgoblin misses your rat.
Your quokka bites the hobgoblin.
The hobgoblin dies!
Your Summonings skill increases to level 5!
You start resting.
Your rat disappears in a puff of smoke!
Your quokka disappears in a puff of smoke!
Magic restored.
You start resting.
HP restored.
A ball python comes into view.
Casting: Summon Small Mammal (safe; 2% risk of failure)
Confirm with . or Enter, or press ? or * to list all spells.
Casting: Summon Small Mammal (safe; 2% risk of failure)
Confirm with . or Enter, or press ? or * to list all spells.
Your rat closely misses the ball python.
Your bat barely misses the ball python.
Your bat barely misses the ball python.
Your rat barely misses the ball python.
Your bat hits the ball python. x2
The ball python completely misses your bat.
The ball python barely misses your bat.
The ball python closely misses your bat. x2
Your rat bites the ball python.
The ball python dies!
You start resting.
Magic restored.
Your rat disappears in a puff of smoke!
There is an open door here.
Your bat disappears in a puff of smoke!
There is an open door here.
There is an open door here.
There is an open door here.
There is an open door here.
There is an open door here.
There is a staircase leading out of the dungeon here.
Are you sure you want to leave the Dungeon?
This will make you lose the game!
You have escaped!

#........# #........#
#######........#
#.....#........#
+.....#........#
#.....'........#......#.
#..8..#........#.... ...
#.....#####'####...##.#.
#.....#@'.#...........#.
####'####'#.............
#...'..#.####........
#...#..#.####........
#...####........†..##
#####......)........#
#.........#.#....
#..#...[.......#?
#..............+.


There were no monsters in sight!

Vanquished Creatures (collateral kills)
  A ball python (D:1)
  An endoplasm (D:1)
  A hobgoblin (D:1)
  A kobold (D:1)
4 creatures vanquished.

Notes
Turn   | Place    | Note
-------+----------+-------------------------------------------
     0 | D:1      | themarg the Tengu Summoner began the quest for the Orb.
     0 | D:1      | Reached XP level 1. HP: 10/10 MP: 4/4
    40 | D:1      | Found a faded altar of an unknown god.
    66 | D:1      | Reached skill level 5 in Summonings
   154 | D:$      | Got out of the dungeon alive.

Illustrated notes

Levels and vault maps discovered:
D:1:      evilmike_arrival_fibonacci_small, layout_basic,
          hellmonk_ecumenical_altar_blasted

Skill      XL: |  1 |
---------------+----+-----
Summonings     | 5 |  5.0
Dodging        | |  2.1
Stealth        | |  2.0
Spellcasting   | |  2.2

Action                   || total
-------------------------++-------
 Cast: Summon Small Mamm ||     5
Armor: Robe              ||     1
Dodge: Dodged            ||     1
